 Dungeon Crawl Stone Soup version 0.29.1-1-gd02db6906a (webtiles) character file.

Game seed: 11398959361031092578

81 Earthwalker the Prestidigitator (level 4, -1/38 HPs)
             Began as a Gnoll Wanderer on Oct 7, 2022.
             Killed by nerve-wracking pain
             ... invoked by an orc priest
              (11 damage)
             ... on level 3 of the Dungeon.
             The game lasted 00:14:12 (3812 turns).

Earthwalker the Prestidigitator (Gnoll Wanderer)    Turns: 3812, Time: 00:14:13

Health: -1/38      AC:  8    Str: 13    XL:     4   Next: 40%
Magic:  5/5        EV:  6    Int: 10    God:
Gold:   85         SH:  0    Dex: 13    Spells: 5/5 levels left

rFire   . . .      SeeInvis .   a - +2 short sword
rCold   . . .      Faith    .   (no shield)
rNeg    . . .      Spirit   .   f - +0 chain mail
rPois   .          Reflect  .   (no helmet)
rElec   .          Harm     .   (no cloak)
rCorr   .          Rampage  .   (no gloves)
Will    .....                   (no boots)
Stlth   ..........              (no amulet)
HPRegen 0.12/turn               (no ring)
MPRegen 0.09/turn               (no ring)

@: no status effects
A: fangs 1, strong nose, distributed training
a: no special abilities


You were on level 3 of the Dungeon.
You visited 1 branch of the dungeon, and saw 3 of its levels.

You collected 85 gold pieces.

Inventory:

Hand Weapons
 a - a +2 short sword (weapon)
 i - a +0 spear
Missiles
 j - 4 stones
 k - 5 javelins
 q - 7 poisoned darts
Armour
 d - a +1 leather armour
 e - a +0 ring mail
 f - a +0 chain mail (worn)
Jewellery
 l - an amulet of regeneration
 n - an amulet of magic regeneration
Wands
 r - a wand of flame (10)
Scrolls
 g - a scroll of vulnerability
 h - 2 scrolls of identify
Potions
 c - a potion of brilliance
 m - a potion of haste
 o - 2 potions of degeneration {unknown}
 p - a potion of cancellation
Miscellaneous
 b - a condenser vane (quivered)


   Skills:
 + Level 4.6 Fighting
 + Level 4.6 Short Blades
 + Level 1.2 Long Blades
 + Level 1.2 Axes
 + Level 1.2 Maces & Flails
 + Level 1.2 Polearms
 + Level 1.2 Staves
 + Level 1.2 Ranged Weapons
 + Level 1.2 Throwing
 + Level 1.2 Armour
 + Level 1.2 Dodging
 + Level 2.6 Stealth
 + Level 1.2 Shields
 + Level 1.2 Unarmed Combat
 + Level 1.2 Spellcasting
 + Level 1.0 Conjurations
 + Level 1.0 Hexes
 + Level 1.0 Summonings
 + Level 1.0 Necromancy
 + Level 1.0 Translocations
 + Level 1.0 Transmutations
 + Level 1.0 Fire Magic
 + Level 1.0 Ice Magic
 + Level 1.0 Air Magic
 + Level 1.0 Earth Magic
 + Level 1.0 Poison Magic
 + Level 1.3 Invocations
 + Level 10.5 Evocations


You had 5 spell levels left.
You didn't know any spells.
Your spell library contained the following spells:

 Spells                   Type           Power      Damage    Failure   Level
 Poisonous Vapours        Pois/Air       4%         N/A       100%        2
 Portal Projectile        Hex/Tloc       4%         N/A       100%        3
 Tukima's Dance           Hex            2%         N/A       100%        3
 Corpse Rot               Necr/Pois/Air  2%         N/A       100%        4
 Blade Hands              Tmut           1%         N/A       100%        5
 Freezing Cloud           Conj/Ice/Air   1%         6-21      100%        5
 Simulacrum               Ice/Necr       1%         N/A       100%        6
 Polar Vortex             Ice            1%         N/A       100%        9


Dungeon Overview and Level Annotations

Branches:
Dungeon (3/15)

Altars:

Shops:
D:2 (=!?

Annotations:
D:3 2 transporters, Sigmund; rubinsalamander's ghost, amateur GnWn


Innate Abilities, Weirdness & Mutations

You have very sharp teeth.
Your uncanny sense of smell can sniff out nearby items.
Your experience applies equally to all skills.


Message History

You closely miss the orc.
An orc priest comes into view. It is wielding a +0 club.
The orc hits you with a +0 whip.
You barely miss the orc.
The orc priest shouts!
The orc priest calls down the wrath of Beogh upon you.
Beogh smites you! The orc hits you with a +0 whip.
You hear a shout!
You closely miss the orc. You bite the orc, but do no damage.
You barely miss the orc. The orc hits you but does no damage.
You hit the orc but do no damage.
An orc priest comes into view. It is wielding a +0 dagger.
The orc hits you with a +0 whip.
You hit the orc but do no damage. The orc hits you but does no damage.
You hit the orc. You bite the orc, but do no damage.
The orc is lightly wounded.
The orc hits you but does no damage.
You hit the orc but do no damage.
The orc is lightly wounded.
The orc closely misses you.
The orc priest calls upon Beogh to heal the orc.
The orc's wounds heal themselves!
You closely miss the orc. The orc hits you but does no damage.
You barely miss the orc.
The orc priest hits you but does no damage.
You hit the orc but do no damage. You bite the orc, but do no damage.
The orc priest calls down the wrath of Beogh upon you.
Beogh smites you! The orc barely misses you.
You barely miss the orc. Your bite misses the orc. You hit the orc priest.
The orc priest is lightly wounded.
The orc priest miscasts a cantrip.
The orc priest hits you with a +0 club.
* * * LOW HITPOINT WARNING * * *
The orc hits you but does no damage.
You hit the orc priest. Your bite misses the orc priest.
The orc priest is heavily wounded.
The orc priest calls down the wrath of Beogh upon you.
Pain shoots through your body!
You die...

.####+### ........##### ###
#.......#.)># #.###
#.......###@## #...#####
#.......###oo#######........
...........o......o.........
##.#######..................
#.#........#############o..
#.#.###....#..... ...#...
#.#...#.#..#.... ...Z#...
#.###.#.#..#..# ##.Z#... #.#
#.#....#..#8# #..#...


You could see 2 orc priests and an orc.

Vanquished Creatures
  An adder (D:2)
  A worm (D:2)
  8 orcs (D:3)
  5 bats
  5 endoplasms
  2 giant cockroaches
  5 goblins (D:1)
  4 hobgoblins
  5 jackals
  A quokka (D:1)
  5 ball pythons
  6 frilled lizards
  3 kobolds
  6 rats
57 creatures vanquished.

Vanquished Creatures (others)
  2 plants (D:1)
2 creatures vanquished.

Grand Total: 59 creatures vanquished

Notes
Turn   | Place    | Note
-------+----------+-------------------------------------------
     0 | D:1      | Reached skill level 10 in Evocations
     0 | D:1      | Earthwalker the Gnoll Wanderer began the quest for the Orb.
     0 | D:1      | Earthwalker set off with the following items: a +1 short
                  | sword, a condenser vane, a potion of brilliance, a +0
                  | leather armour.
     0 | D:1      | Reached XP level 1. HP: 20/20 MP: 1/1
   380 | D:1      | Reached XP level 2. HP: 26/26 MP: 2/2
   786 | D:1      | Found a faded altar of an unknown god.
   845 | D:1      | Reached XP level 3. HP: 26/31 MP: 3/3
  1412 | D:1      | Identified a scroll of acquirement
  1412 | D:1      | Acquired a book of Weapons
  1590 | D:2      | Reached skill level 1 in Invocations
  1990 | D:2      | Found Oreut's Magic Scroll Boutique.
  2000 | D:2      | Found Zirhucui's Jewellery Boutique.
  2177 | D:2      | Reached skill level 1 in Long Blades
  2177 | D:2      | Reached skill level 1 in Axes
  2177 | D:2      | Reached skill level 1 in Maces & Flails
  2177 | D:2      | Reached skill level 1 in Polearms
  2177 | D:2      | Reached skill level 1 in Staves
  2177 | D:2      | Reached skill level 1 in Ranged Weapons
  2177 | D:2      | Reached skill level 1 in Throwing
  2177 | D:2      | Reached skill level 1 in Armour
  2177 | D:2      | Reached skill level 1 in Dodging
  2177 | D:2      | Reached skill level 1 in Shields
  2177 | D:2      | Reached skill level 1 in Unarmed Combat
  2177 | D:2      | Reached skill level 1 in Spellcasting
  2456 | D:2      | Found Jihookk's Distillery.
  2548 | D:2      | Found Camih's Weapon Boutique.
  2595 | D:2      | Reached XP level 4. HP: 38/38 MP: 5/5
  3471 | D:3      | Found the +18 Lear's hauberk
  3473 | D:3      | Found a transporter.
  3473 | D:3      | Noticed Sigmund
  3664 | D:3      | Found a transporter.
  3709 | D:3      | Noticed rubinsalamander's ghost (amateur GnWn)
  3755 | D:3      | Reached skill level 1 in Conjurations
  3755 | D:3      | Reached skill level 1 in Hexes
  3755 | D:3      | Reached skill level 1 in Summonings
  3755 | D:3      | Reached skill level 1 in Necromancy
  3755 | D:3      | Reached skill level 1 in Translocations
  3755 | D:3      | Reached skill level 1 in Transmutations
  3755 | D:3      | Reached skill level 1 in Fire Magic
  3755 | D:3      | Reached skill level 1 in Ice Magic
  3755 | D:3      | Reached skill level 1 in Air Magic
  3755 | D:3      | Reached skill level 1 in Earth Magic
  3755 | D:3      | Reached skill level 1 in Poison Magic
  3812 | D:3      | Killed from afar by an orc priest

Illustrated notes

Levels and vault maps discovered:
D:1:      spicycebolla_arrival_clurvy, layout_rooms,
          chequers_ecumenical_altar_island, serial_forest,
          infiniplex_forest_lined_room_2, infiniplex_forest_zigzag_1,
          infiniplex_forest_clump_large, infiniplex_forest_clump_tiny,
          infiniplex_forest_corner_1, infiniplex_forest_clump_tiny,
          infiniplex_forest_clump_long, infiniplex_forest_clump_curved,
          kennysheep_another_room
D:2:      layout_basic, serial_shops, nicolae_shop_advertising_works
          [nicolae_subvault_shop_adworks], nicolae_shop_waterfront,
          nicolae_shop_behind_doors, nicolae_shop_behind_doors,
          minmay_misc_feat_x
D:3:      layout_basic, chequers_temple_overflow_minitemple,
          gammafunk_ghost_mausoleum, uniq_sigmund

Skill      XL: |  1  2  3  4 |
---------------+-------------+-----
Evocations     | | 10.5
Invocations    | 1 |  1.3
Long Blades    | 1 |  1.2
Axes           | 1 |  1.2
Maces & Flails | 1 |  1.2
Polearms       | 1 |  1.2
Staves         | 1 |  1.2
Ranged Weapons | 1 |  1.2
Throwing       | 1 |  1.2
Armour         | 1 |  1.2
Dodging        | 1 |  1.2
Shields        | 1 |  1.2
Unarmed Combat | 1 |  1.2
Spellcasting   | 1 |  1.2
Conjurations   | 1 |  1.0
Hexes          | 1 |  1.0
Summonings     | 1 |  1.0
Necromancy     | 1 |  1.0
Translocations | 1 |  1.0
Transmutations | 1 |  1.0
Fire Magic     | 1 |  1.0
Ice Magic      | 1 |  1.0
Air Magic      | 1 |  1.0
Earth Magic    | 1 |  1.0
Poison Magic   | 1 |  1.0
Fighting       | |  4.6
Short Blades   | |  4.6
Stealth        | |  2.6

Action                   |  1- 3 |  4- 6 || total
-------------------------+-------+-------++-------
Melee: Short sword       |   151 |    74 ||   225
       Bite              |    17 |    13 ||    30
       Punch             |     1 |       ||     1
  Use: Scroll            |     9 |       ||     9
Armor: Leather armour    |    33 |       ||    33
       Chain mail        |    29 |    35 ||    64
Dodge: Dodged            |    67 |    12 ||    79
